 Dungeon Crawl Stone Soup version 0.32-a0-711-g016ad743e0 (webtiles) character file.

Game seed: 5071418792659204165

74 cforsyth the Chopper (level 4, 0/40 HPs)
             Began as a Mountain Dwarf Cinder Acolyte on Mar 16, 2024.
             Was a High Priest of Ignis.
             Shot with a sling bullet by a goblin (4 damage)
             ... led by Robin
             ... on level 2 of the Dungeon.
             The game lasted 00:01:42 (1326 turns).

cforsyth the Chopper (MDCA)                         Turns: 1326, Time: 00:01:43

Health: 0/40       AC:  2    Str: 16    XL:     4   Next: 9%
Magic:  6/6        EV: 10    Int: 17    God:    Ignis [*****.]
Gold:   18         SH:  0    Dex:  5    Spells: 4/6 levels left

rFire   + . .        a - -1 hand axe (flame)
rCold   . . .        (no shield)
rNeg    . . .        b - +0 robe
rPois   .            (no helmet)
rElec   .            (no cloak)
rCorr   .            (no gloves)
SInv    .            (no boots)
Will    .....        (no amulet)
Stlth   +            (no ring)
HPRegen 0.26/turn    (no ring)
MPRegen 0.10/turn

%: no passive effects
@: no status effects
A: runic magic, artefact enchanting
a: Renounce Religion, Fiery Armour, Foxfire Swarm, Rising Flame


You were on level 2 of the Dungeon.
You worshipped Ignis.
Ignis was extremely pleased with you.
You visited 1 branch of the dungeon, and saw 2 of its levels.

You collected 18 gold pieces.


Innate Abilities, Weirdness & Mutations

Your spellcasting is much less encumbered by armour.
You can use scrolls of enchantment on lesser artefacts.


   Skills:
 + Level 3.7 Fighting
 + Level 4.2 Axes
 + Level 1.5 Armour
 + Level 1.6 Spellcasting
 + Level 4.2 Fire Magic


You had 4 spell levels left.
You knew the following spells:

 Your Spells              Type           Power      Damage    Failure   Level
X - Scorch                Fire           30%        2d6       5%          2

Your spell library contained the following spells:

 Spells                   Type           Power      Damage    Failure   Level


Inventory:

Hand Weapons
 a - a -1 hand axe of flaming (weapon)
Armour
 b - a +0 robe (worn)
Jewellery
 g - an amulet of guardian spirit
Scrolls
 d - a scroll of identify {unknown}
 e - 2 scrolls of fear {unknown}
 f - a scroll of amnesia {unknown}
Potions
 c - 2 potions of degeneration {unknown}
 h - a potion of enlightenment {unknown}

Dungeon Overview and Level Annotations

Branches:
Dungeon (2/15)

Altars:

##################
...))............#
################@#
.......# #.# .....#
#)########
#####.g###..÷......
...#.#g)g.........
..######.#..###.########
......)....## #.#
......)†.#.# #.#
......#..#.# #.#######


You could see a goblin.


Message History

You are too injured to fight recklessly!
You are too injured to fight recklessly!
You are too injured to fight recklessly!
You closely miss the goblin. The goblin hits you but does no damage.
You barely miss the goblin. The goblin hits you with a +0 dagger.
* * * LOW HITPOINT WARNING * * *
You hit the goblin. You burn the goblin.
You kill the goblin!
The goblin unwields a +0 club.
The goblin wields a +0 sling.
The goblin shoots a sling bullet.
The sling bullet hits you.
* * * LOW HITPOINT WARNING * * *
The goblin unwields a +0 sling.
The goblin wields a +0 club.
The goblin hits you with a +0 club.
* * * LOW HITPOINT WARNING * * *
You see here a +0 dagger.
You completely miss the goblin. You closely miss the goblin.
The goblin hits you with a +0 club.
* * * LOW HITPOINT WARNING * * *
The goblin hits you with a +0 club.
* * * LOW HITPOINT WARNING * * *
You barely miss the goblin. The goblin barely misses you.
The goblin unwields a +0 club.
The goblin wields a +0 sling.
The goblin shoots a sling bullet.
The sling bullet hits you.
* * * LOW HITPOINT WARNING * * *
Items here: )) [[.
Things that are here:
a +0 dagger; a goblin corpse The goblin shoots a sling bullet.
The sling bullet hits you.
You die...
Ignis goes out, and joins you in death.

Skill      XL: |  1  2 |
---------------+-------+-----
Armour         | 1 |  1.5
Axes           | 4 |  4.2
Fire Magic     | 4 |  4.2
Fighting       | |  3.7
Spellcasting   | |  1.6

Action                     |  1- 3 |  4- 6 || total
---------------------------+-------+-------++-------
  Melee: Hand axe          |   117 |    12 ||   129
   Cast: Scorch            |     7 |       ||     7
 Armour: Robe              |    73 |    12 ||    85
  Dodge: Dodged            |    55 |     3 ||    58

Levels and vault maps discovered:
D:1:      heliophobic_arrival_henge, layout_basic,
          dreamdust_ecumenical_altar_hidden_monk_grotto
D:2:      layout_loops_ring, basic_altar, minmay_fountain_box, uniq_robin

Notes
Turn   | Place    | Note
-------+----------+-------------------------------------------
     0 | D:1      | cforsyth the Mountain Dwarf Cinder Acolyte began the quest
                  | for the Orb.
     0 | D:1      | Reached XP level 1. HP: 19/19 MP: 2/2
   266 | D:1      | Reached XP level 2. HP: 24/26 MP: 3/3
   273 | D:1      | Learned a level 2 spell: Scorch
   534 | D:1      | Reached skill level 1 in Armour
   766 | D:1      | Reached skill level 4 in Axes
   792 | D:1      | Reached skill level 4 in Fire Magic
   792 | D:1      | Reached XP level 3. HP: 31/31 MP: 3/5
   999 | D:1      | Found a faded altar of an unknown god.
  1217 | D:2      | Noticed Robin
  1307 | D:2      | Killed Robin
  1308 | D:2      | Reached XP level 4. HP: 27/40 MP: 6/6
  1322 | D:2      | HP: 3/40 [goblin/sling bullet[Robin] (5)]
  1326 | D:2      | Shot with a sling bullet by a goblin

Vanquished Creatures
  Robin (D:2)
  2 dart slugs (D:1)
  3 ball pythons (D:1)
  3 endoplasms
  17 goblins
  4 hobgoblins (D:1)
  4 jackals (D:1)
  7 bats
  2 frilled lizards (D:1)
  5 kobolds
  4 rats
52 creatures vanquished.

Table legend: (Time is in decaauts)
 A = Elapsed time spent in this place.
 B = Non-inter-level travel time spent in this place.
 C = Inter-level travel time spent in this place.
 D = Time resting spent in this place.
 E = Time spent auto-exploring this place.
 F = Levels seen in this place.
 G = Mean time per level.
                   A        B        C        D        E       F      G
               +--------+--------+--------+--------+--------+-----+--------+
         Total |   1339 |   1328 |     11 |      0 |   1029 |   2 |  669.5 |
       Dungeon |   1339 |   1328 |     11 |      0 |   1029 |   2 |  669.5 |
               +--------+--------+--------+--------+--------+-----+--------+

Top non-repeatable levels by time:
     D:1: 1026 daAuts
     D:2: 312 daAuts

Table legend:
 A = Non-vault XP
 B = Vault XP
 C = Vault XP percentage of total XP
 D = Non-vault monster count
 E = Vault monster count
 F = Vault count percentage of total count
                 A         B        C        D         E       F
            +---------+---------+-------+---------+---------+-------
      Total |      74 |      32 |  30.2 |      42 |      10 |  19.2
            +---------+---------+-------+---------+---------+-------
        D:1 |      60 |       0 |   0.0 |      33 |       0 |   0.0
        D:2 |      14 |      32 |  69.6 |       9 |      10 |  52.6
            +---------+---------+-------+---------+---------+-------
